 Dungeon Crawl Stone Soup version 0.24-a0-433-gbe6fa4f6cc (webtiles) character file.

Game seed: 9694107914869596034

42 Defined the Magician (level 3, -2/23 HPs)
             Began as an Octopode Wizard on June 14, 2019.
             Killed by nerve-wracking pain
             ... invoked by Jessica
              (10 damage)
             ... on level 1 of the Dungeon on June 15, 2019.
             The game lasted 00:06:58 (1409 turns).

Defined the Magician (Octopode Wizard)              Turns: 1409, Time: 00:06:58

Health: -2/23      AC:  3    Str:  6    XL:     3   Next: 54%
Magic:  0/7        EV: 13    Int: 21    God:
Gold:   86         SH:  0    Dex: 10    Spells: 1/9 levels left

rFire    + . .     SeeInvis .   b - +0 dagger
rCold    . . .     Gourm    .   (no shield)
rNeg     . . .     Faith    .   a - +2 hat
rPois    .         Spirit   .   m - amulet of inaccuracy (curse)
rElec    .         Reflect  .   n - ring of protection from fire
rCorr    .         Harm     .   (no ring)
MR       .....                  (no ring)
Stlth    +++.......             (no ring)
HPRegen  0.07/turn              (no ring)
MPRegen  0.10/turn              (no ring)
                                (no ring)
                                (no ring)

@: very slightly contaminated, hasted, very quick
A: almost no armour, stealthy swim, amphibious, 8 rings, constrict 8, camouflage
1, low mp 1, robust 1, wild magic 1, gelatinous body 1
a: no special abilities


You were on level 1 of the Dungeon.
You were hungry.

You visited 1 branch of the dungeon, and saw 2 of its levels.

You collected 86 gold pieces.

Inventory:

Hand Weapons
 b - a +0 dagger (weapon)
Missiles
 k - 7 atropa-tipped darts (quivered)
Armour
 a - a +2 hat (worn)
Jewellery
 m - a cursed amulet of inaccuracy (around mantle)
 n - a ring of protection from fire (left tentacle)
Scrolls
 g - a scroll of enchant armour
 i - a scroll of remove curse {unknown}
 j - a scroll of fear
 l - a scroll of identify
Potions
 e - a potion of curing
Comestibles
 c - 5 rations
 f - a chunk of flesh


   Skills:
 + Level 0.1 Fighting
 - Level 2.2 Dodging
 + Level 3.1 Stealth
 - Level 0.4 Unarmed Combat
 + Level 3.5 Spellcasting
 + Level 1.5 Conjurations
 + Level 1.1 Summonings
 + Level 1.0 Translocations
 + Level 0.1 Air Magic
 + Level 0.1 Poison Magic


You had one spell level left.
You knew the following spells:

 Your Spells              Type           Power        Failure   Level  Hunger
a - Magic Dart            Conj           ##..         11%         1    None
b - Call Imp              Summ           ##......     17%         2    ##.....
c - Mephitic Cloud        Conj/Pois/Air  #.......     36%         3    ###....
z - Blink                 Tloc           N/A          17%         2    ##.....

Your spell library contained the following spells:

 Spells                   Type           Power        Failure   Level  Hunger
 Slow                     Hex            #.......     26%         2    ##.....
 Conjure Flame            Conj/Fire      #.......     34%         3    ###....


Dungeon Overview and Level Annotations

Branches:
Dungeon (2/15)

Altars:

Annotations:
D:1 Jessica
D:2 1 runed translucent door, Crazy Yiuf


Innate Abilities, Weirdness & Mutations

You cannot wear most types of armour.
You are very stealthy in the water. (Stealth+)
You are amphibious.
You can wear up to eight rings at the same time.
You can use your tentacles to constrict eight enemies at once.
Your skin changes colour to match your surroundings (Stealth+).
Your rubbery body absorbs attacks. (AC +1, EV +1)
Your magical capacity is low. (-10% MP)
You are robust. (+10% HP)
Your spells are a little harder to cast, but a little more powerful.


Message History

Casting: Call Imp (safe; 12% risk of failure)
Confirm with . or Enter, or press ? or * to list all spells.
You miscast Blink.
You spin around.
You are feeling hungry.
Jessica hits you. Jessica misses you.
Casting: Blink (safe; 12% risk of failure)
Confirm with . or Enter, or press ? or * to list all spells.
You don't have enough magic to cast that spell.
Casting: Blink (safe; 12% risk of failure)
Confirm with . or Enter, or press ? or * to list all spells.
You don't have enough magic to cast that spell.
It was a potion of mutation.
You feel extremely strange.
You feel less energetic.
You feel robust.
You feel less in control of your magic. Jessica barely misses you.
It was a potion of haste.
You feel yourself speed up. Jessica hits you but does no damage.
Jessica casts a spell at you. Pain shoots through your body!
You die...

...#)..#...#
####..####....'....
####.#.#..## ##+##
#.####.... #.#.#..# #...#
#.# #....
#.#....########...# #.#
#.... #.###.........#...#
#.# #.... #.#
#########.#...# #.# ##...
#.# #.#...# #.# #... #.#
#.###.###.# #... #.# #@#
#..##.# #...
####.###########@# ##.##.#
#... .................#
#.##.# #..^
#####################..#'###
#### #.(...(.....#
#...........# #...........#
#...........# #...........#


You could see Jessica.

Vanquished Creatures
  2 adders (D:2)
  2 ball pythons
  6 bats
  3 giant cockroaches
  2 goblins (D:1)
  3 hobgoblins
  A frilled lizard (D:2)
  2 kobolds
  4 rats
25 creatures vanquished.

Notes
Turn   | Place    | Note
-------+----------+-------------------------------------------
     0 | D:1      | Defined the Octopode Wizard began the quest for the Orb.
     0 | D:1      | Reached XP level 1. HP: 11/11 MP: 4/4
   290 | D:1      | Reached XP level 2. HP: 13/17 MP: 0/6
   969 | D:2      | Reached XP level 3. HP: 17/21 MP: 2/8
  1138 | D:2      | Learned a level 2 spell: Blink
  1141 | D:2      | Learned a level 2 spell: Call Imp
  1145 | D:2      | Learned a level 3 spell: Mephitic Cloud
  1244 | D:2      | Found a runed translucent door.
  1245 | D:2      | Noticed Crazy Yiuf
  1382 | D:2      | Noticed Jessica
  1404 | D:2      | HP: 1/21 [Jessica (4)]
  1408 | D:1      | Gained mutation: Your magical capacity is low. (-10% MP)
                  | [potion of mutation]
  1408 | D:1      | Gained mutation: You are robust. (+10% HP) [potion of
                  | mutation]
  1408 | D:1      | Gained mutation: Your spells are a little harder to cast,
                  | but a little more powerful. [potion of mutation]
  1409 | D:1      | Killed from afar by Jessica

Levels and vault maps discovered:
D:1:      dpeg_arrival_prison, layout_basic, minmay_tetromino_i2
D:2:      layout_basic, first_ration, hangedman_decor_clover_reticule,
          uniq_crazy_yiuf_cottage, uniq_jessica

Skill      XL: |  1  2 |
---------------+-------+-----
Stealth        | 3 |  3.1
Fighting       | |  0.1
Dodging        | |  2.2
Unarmed Combat | |  0.4
Spellcasting   | |  3.5
Conjurations   | |  1.5
Summonings     | |  1.1
Translocations | |  1.0
Air Magic      | |  0.1
Poison Magic   | |  0.1

Action                   || total
-------------------------++-------
Melee: Unarmed           ||     7
       Constrict         ||     6
       Tentacles         ||     3
       Dagger            ||    31
 Cast: Magic Dart        ||    53
       Call Imp          ||     1
  Use: Scroll            ||     5
       Potion            ||     3
  Eat: Chunk             ||     1
Armor: Skin              ||    15
Dodge: Dodged            ||    45

Table legend:
 A = Non-vault XP
 B = Vault XP
 C = Vault XP percentage of total XP
 D = Non-vault monster count
 E = Vault monster count
 F = Vault count percentage of total count
                 A         B        C        D         E       F
            +---------+---------+-------+---------+---------+-------
      Total |      55 |       5 |   8.3 |      22 |       3 |  12.0
            +---------+---------+-------+---------+---------+-------
        D:1 |      18 |       5 |  21.7 |      10 |       3 |  23.1
        D:2 |      37 |       0 |   0.0 |      12 |       0 |   0.0
            +---------+---------+-------+---------+---------+-------
